Map: Lost and Found LE

Players

Cham

  • Race: Zerg Zerg
  • Spawn Location: 1:00

MDStephano (Stephano) - Winner!

  • Race: Zerg Zerg
  • Spawn Location: 7:00

Event: WCS Montreal 2018

VOD

Have the link to the VOD?

Description

Time

  • Played on: Sept. 7, 2018, 8:03 p.m.
  • Length: 15:53

All games in this series

Show
View Real Time Build Order
Export as new Build Order

Cham Zerg 

Build Orders: Hatch First, Lurkers 

Get SALT Encoding   

  12  0:00  Drone  
  13  0:14  Overlord  
  13  0:32  Drone x2  
  15  0:46  Hatchery  
  15  0:49  Drone  
  15  0:53  Drone  
  16  0:59  Extractor  
  15  1:09  Drone  
  16  1:15  Spawning Pool  
  16  1:17  Drone  
  16  1:20  Drone  
  17  1:27  Drone  
  18  1:37  Drone  
  19  1:50  Drone  
  20  1:59  Drone  
  21  2:02  Queen x2  
  21  2:03  Zergling x2  
  21  2:07  Metabolic Boost  
  26  2:11  Drone  
  26  2:13  Drone  
  28  2:21  Overlord  
  28  2:36  Hatchery  
  27  2:45  Drone  
  27  2:46  Baneling Nest  
  27  2:51  Drone x3  
  30  2:57  Overlord  
  30  2:59  Drone  
  30  3:03  Zergling x2  
  30  3:04  Zergling x2  
  33  3:10  Overlord  
  33  3:11  Drone  
  34  3:14  Drone  
  34  3:19  Drone x2  
  37  3:21  Drone  
  37  3:23  Drone  
  37  3:26  Drone  
  40  3:29  Baneling  
  40  3:30  Baneling  
  40  3:31  Drone  
  41  3:34  Overlord  
  41  3:40  Drone  
  42  3:44  Queen  
  42  3:45  Drone x2  
  42  3:47  Drone  
  47  3:50  Drone  
  47  3:53  Drone  
  48  3:57  Lair  
  48  3:58  Drone  
  48  3:59  Drone  
  48  4:01  Drone  
  48  4:02  Drone  
  52  4:04  Drone  
  53  4:10  Roach Warren  
  53  4:13  Drone x2  
  53  4:15  Extractor  
  53  4:17  Extractor, Drone x2  
  53  4:18  Extractor, Drone  
  53  4:20  Drone  
  55  4:25  Overlord  
  55  4:26  Drone, Evolution Chamber  
  55  4:29  Drone x2  
  55  4:31  Drone  
  58  4:32  Drone  
  58  4:35  Overlord  
  59  4:40  Overlord  
  59  4:42  Overlord  
  59  4:46  Drone x2  
  59  4:47  Drone x3  
  59  4:49  Drone  
  65  4:56  Zerg Missile Weapons Level 1, Hydralisk Den  
  65  4:57  Drone x2  
  65  5:02  Drone x3  
  65  5:04  Drone x2  
  65  5:05  Drone  
  71  5:07  Glial Reconstitution  
  71  5:09  Drone  
  71  5:11  Extractor, Drone  
  71  5:12  Extractor  
  71  5:18  Drone x2  
  71  5:20  Drone  
  73  5:22  Drone  
  73  5:23  Roach  
  73  5:24  Overlord  
  76  5:30  Roach  
  76  5:31  Hatchery  
  76  5:34  Overlord, Roach  
  81  5:35  Roach  
  81  5:40  Lurker Den  
  81  5:41  Roach x2  
  84  5:43  Hydralisk  
  84  5:45  Hydralisk  
  84  5:48  Hydralisk  
  90  5:52  Hydralisk x2  
  90  5:56  Overlord  
  94  5:58  Hydralisk  
  94  5:59  Hydralisk  
  94  6:01  Hydralisk  
  100  6:05  Overlord  
  100  6:06  Hydralisk  
  100  6:07  Roach  
  104  6:13  Overlord  
  104  6:14  Overlord  
  104  6:15  Hydralisk x2  
  108  6:21  Roach x2  
  108  6:22  Overlord  
  108  6:25  Overlord  
  112  6:26  Roach  
  112  6:32  Roach x4  
  122  6:34  Overlord  
  122  6:37  Overlord  
  122  6:38  Roach  
  122  6:39  Roach  
  126  6:42  Roach  
  126  6:43  Roach  
  126  6:45  Roach  
  126  6:46  Roach  
  134  6:50  Roach  
  134  6:52  Roach x2  
  134  6:53  Roach  
  142  6:57  Overlord  
  142  6:59  Roach x2  
  146  7:07  Roach x3  
  152  7:10  Lurker  
  152  7:11  Lurker  
  152  7:12  Lurker  
  152  7:13  Roach x2  
  159  7:16  Overlord  
  159  7:19  Unknown x2  
  149  7:22  Roach  
  149  7:25  Roach x2  
  149  7:26  Roach x2  
  136  7:30  Roach x3  
  136  7:35  Lurker x3  
  136  7:36  Roach x3  
  141  7:37  Pneumatized Carapace  
  141  7:38  Drone x4  
  141  7:40  Drone x2  
  145  7:45  Drone x3  
  145  7:48  Roach x3  
  145  7:51  Lurker x3  
  148  7:52  Roach  
  148  7:55  Roach  
  148  7:57  Overlord  
  152  7:59  Roach  
  152  8:03  Overlord  
  154  8:07  Overlord  
  154  8:08  Overlord  
  154  8:11  Roach  
  156  8:17  Roach x2  
  156  8:19  Queen  
  160  8:20  Roach  
  160  8:21  Extractor, Roach  
  160  8:22  Zerg Missile Weapons Level 2  
  160  8:24  Roach  
  165  8:32  Overseer x2, Roach  
  165  8:34  Roach x7  
  152  8:35  Roach  
  152  8:36  Roach  
  152  8:40  Roach x2  
  166  8:47  Hydralisk  
  172  8:48  Roach x2  
  172  8:49  Ravager  
  172  8:55  Roach x6  
  184  8:56  Overlord  
  184  8:57  Roach  
  184  9:02  Extractor  
  183  9:07  Roach x2  
  179  9:11  Roach x3  
  179  9:14  Roach x2  
  179  9:15  Roach  
  179  9:16  Roach x3  
  195  9:22  Roach x4  
  195  9:23  Roach  
  186  9:31  Roach x3  
  186  9:33  Roach x2  
  186  9:37  Hydralisk x2  
  192  9:38  Roach  
  192  9:39  Roach  
  192  9:40  Roach  
  192  9:44  Roach x2  
  200  9:59  Roach x2  
  196  10:00  Roach x2  
  196  10:06  Roach x4  
  194  10:13  Roach x2  
  176  10:18  Roach x3  
  176  10:20  Overlord x2, Roach x4  
  188  10:22  Overseer  
  188  10:26  Roach x2  
  164  10:33  Hydralisk x2, Roach x3  
  154  10:38  Roach x2  
  154  10:41  Hydralisk, Roach x3  
  159  10:46  Roach x3  
  159  10:47  Roach  
  161  10:54  Roach x5  
  149  10:57  Hydralisk  
  149  11:03  Overseer, Zerg Ground Armor Level 1  
  137  11:04  Hydralisk x3  
  137  11:09  Drone  
  137  11:10  Hydralisk  
  146  11:14  Hydralisk x2  
  150  11:18  Hydralisk x2  
  150  11:19  Hydralisk x2  
  150  11:25  Hydralisk x2  
  158  11:27  Hydralisk  
  164  11:33  Drone x5  
  164  11:36  Lurker x2  
  164  11:37  Lurker  
  164  11:38  Extractor  
  171  11:41  Overseer  
  171  11:42  Lurker  
  171  11:43  Unknown  
  172  11:49  Lurker  
  172  11:50  Lurker  
  172  11:51  Overlord, Hydralisk  
  171  11:56  Spine Crawler, Drone x2  
  171  11:57  Drone  
  171  11:58  Spine Crawler x2, Drone  
  172  12:01  Lurker  
  172  12:06  Roach x3  
  177  12:11  Roach x2  
  177  12:13  Roach x2  
  185  12:18  Roach  
  185  12:19  Roach x2  
  185  12:20  Roach  
  171  12:29  Roach x4  
  167  12:36  Roach  
  169  12:37  Hydralisk x2  
  169  12:39  Roach  
  169  12:40  Roach  
  169  12:43  Roach x3  
  183  12:48  Spine Crawler  
  182  12:53  Roach x2  
  182  12:54  Hydralisk  
  182  12:55  Hydralisk  
  182  12:56  Roach  
  192  12:59  Roach  
  187  13:08  Unknown x4  
  147  13:27  Roach x2  
  125  13:33  Hydralisk x3, Roach x3  
  128  13:36  Hatchery  
  128  13:38  Roach x3  
  128  13:40  Roach  
  135  13:43  Roach  
  134  13:50  Roach  
  134  13:52  Roach x2  
  140  13:58  Roach  
  140  14:01  Roach  
  140  14:06  Roach x2  
  141  14:12  Roach x2  
  145  14:22  Roach x3  
  116  14:26  Overseer  
  98  14:31  Lurker x2  
  98  14:33  Lurker  
  99  14:39  Hydralisk  
  99  14:45  Hydralisk  
  103  14:46  Unknown x2  
  103  14:51  Hydralisk x2  
  107  14:57  Hydralisk  
  107  14:58  Hydralisk  
  111  15:02  Hydralisk  
  113  15:08  Hydralisk  
  113  15:09  Hydralisk  
  117  15:15  Roach x2  
  117  15:17  Roach  
  123  15:22  Roach x2  
  123  15:33  Roach x3  
Show
View Real Time Build Order
Export as new Build Order

MDStephano Zerg - Winner!

Build Orders: Hatch First 

Get SALT Encoding   

  12  0:00  Drone  
  13  0:12  Overlord  
  13  0:17  Drone  
  14  0:31  Drone x2  
  16  0:48  Hatchery  
  15  0:51  Drone  
  15  0:54  Drone  
  17  0:58  Drone  
  18  1:08  Extractor  
  17  1:12  Spawning Pool  
  17  1:16  Drone  
  17  1:19  Drone  
  18  1:28  Drone  
  19  1:38  Drone  
  20  1:49  Drone  
  21  1:59  Queen x2  
  21  2:00  Drone  
  21  2:01  Overlord  
  26  2:11  Drone  
  26  2:12  Metabolic Boost, Drone  
  28  2:21  Zergling x2  
  28  2:22  Drone  
  30  2:33  Hatchery  
  29  2:38  Queen  
  29  2:43  Overlord  
  31  2:50  Baneling Nest  
  31  2:51  Drone  
  31  2:53  Drone  
  31  2:57  Zergling x2  
  33  2:59  Drone x2  
  35  3:06  Drone  
  35  3:07  Drone x2  
  35  3:10  Drone  
  35  3:12  Drone  
  40  3:13  Drone  
  40  3:16  Drone  
  40  3:19  Drone  
  43  3:22  Overlord  
  43  3:33  Baneling x2  
  43  3:34  Drone  
  44  3:35  Overlord  
  44  3:41  Drone x4  
  44  3:46  Drone x3  
  44  3:48  Drone x3  
  54  3:49  Extractor  
  54  3:50  Extractor  
  54  3:53  Drone  
  53  3:56  Drone, Evolution Chamber  
  53  3:59  Drone  
  54  4:04  Roach Warren  
  54  4:08  Overlord  
  53  4:10  Drone x2  
  53  4:15  Lair  
  53  4:16  Drone x2  
  56  4:19  Drone x2  
  56  4:22  Zerg Missile Weapons Level 1  
  56  4:23  Zergling x2  
  59  4:24  Zergling x2  
  59  4:27  Drone  
  59  4:30  Drone  
  62  4:35  Drone  
  62  4:36  Drone x4  
  62  4:38  Extractor  
  66  4:43  Zergling x4  
  66  4:44  Drone x5  
  73  4:47  Extractor  
  73  4:49  Drone  
  73  4:54  Overlord x2  
  73  4:55  Overlord  
  73  5:00  Extractor  
  73  5:02  Overlord  
  73  5:05  Pneumatized Carapace  
  71  5:13  Drone  
  71  5:14  Drone x5  
  75  5:16  Glial Reconstitution  
  75  5:21  Hatchery  
  75  5:24  Overseer  
  75  5:25  Roach x4  
  83  5:29  Roach x2  
  83  5:33  Roach x2  
  91  5:38  Roach x3  
  91  5:41  Overlord  
  96  5:44  Roach x2  
  96  5:45  Roach  
  102  5:55  Roach  
  102  5:56  Overlord, Roach  
  106  5:57  Overlord x2  
  106  5:58  Overlord  
  106  6:06  Roach x4  
  114  6:12  Evolution Chamber  
  114  6:14  Drone  
  114  6:16  Overlord, Zerg Missile Weapons Level 2  
  114  6:18  Ravager x4  
  118  6:19  Roach x2  
  118  6:21  Roach  
  118  6:24  Roach x2  
  128  6:27  Roach  
  128  6:28  Roach  
  128  6:30  Overlord  
  132  6:36  Roach  
  132  6:37  Roach x3  
  132  6:38  Ravager x4  
  144  6:42  Roach x2  
  144  6:47  Roach x2  
  152  6:50  Roach x2  
  156  6:57  Roach x2  
  156  6:58  Overlord x2  
  160  7:01  Zerg Ground Armor Level 1  
  158  7:10  Tunneling Claws  
  158  7:12  Drone  
  158  7:13  Drone  
  158  7:14  Overlord  
  158  7:27  Roach x12  
  158  7:31  Roach x2  
  158  7:32  Roach  
  158  7:36  Overseer  
  156  7:48  Roach x8  
  162  7:52  Drone x3  
  162  7:53  Queen  
  162  7:54  Extractor  
  162  7:57  Burrow  
  166  8:06  Roach  
  166  8:07  Roach x3  
  174  8:17  Roach x5  
  184  8:20  Overlord x2  
  184  8:22  Spine Crawler  
  184  8:23  Spine Crawler  
  184  8:24  Spine Crawler, Overseer  
  130  8:34  Roach x9  
  130  8:39  Roach  
  130  8:40  Roach x2  
  144  8:47  Ravager x5  
  144  8:48  Roach x2  
  153  8:53  Roach x3  
  153  8:54  Roach  
  161  8:57  Overseer  
  161  8:58  Roach  
  163  9:03  Roach x3  
  167  9:11  Roach x5  
  175  9:20  Roach x5  
  179  9:30  Roach x6  
  174  9:36  Ravager x3  
  174  9:38  Roach x3  
  174  9:44  Roach x2  
  174  9:48  Roach x2  
  174  9:49  Roach x10  
  178  9:53  Roach x3  
  178  9:57  Roach x3  
  180  10:00  Overlord  
  180  10:01  Roach x12  
  180  10:02  Roach x4  
  180  10:03  Overseer  
  178  10:11  Roach  
  169  10:15  Roach x5  
  147  10:29  Roach x6  
  147  10:30  Overseer  
  147  10:32  Roach  
  153  10:37  Roach  
  153  10:40  Roach x4  
  153  10:41  Roach  
  148  10:44  Roach  
  142  10:54  Roach  
  142  10:55  Roach x2  
  124  10:59  Roach x14  
  124  11:00  Roach  
  124  11:02  Roach x4  
  120  11:06  Roach x2, Ravager  
  120  11:07  Ravager x2  
  120  11:08  Queen  
  120  11:09  Queen  
  131  11:13  Roach x4  
  131  11:14  Hatchery  
  131  11:16  Roach x2  
  142  11:20  Ravager x3  
  142  11:23  Roach  
  143  11:27  Roach x5  
  143  11:28  Roach x2  
  143  11:32  Roach  
  145  11:37  Roach x2  
  149  11:45  Roach x12  
  149  11:49  Roach  
  149  11:50  Roach x6  
  161  11:55  Extractor  
  160  12:02  Overseer x2  
  160  12:06  Roach x5  
  160  12:08  Overlord x2  
  150  12:25  Roach x4  
  150  12:26  Roach x3  
  151  12:32  Roach x2  
  151  12:39  Roach x4  
  151  12:40  Roach x18  
  159  12:44  Extractor  
  159  12:45  Roach x3  
  159  12:50  Ravager x3  
  167  12:52  Roach x4  
  167  12:53  Overseer x2  
  175  13:02  Overlord  
  173  13:11  Roach x4  
  149  13:21  Roach x9  
  149  13:26  Roach x2  
  149  13:27  Roach x5  
  149  13:28  Roach  
  149  13:29  Ravager x3  
  149  13:30  Ravager x2  
  149  13:33  Roach  
  152  13:37  Roach x2  
  152  13:38  Roach x2  
  152  13:39  Roach x3  
  153  13:43  Roach x2  
  157  13:50  Roach x2  
  157  13:52  Overlord  
  157  13:55  Overlord, Roach  
  161  13:56  Roach x3  
  161  14:07  Overlord x3  
  159  14:14  Roach x5  
  157  14:25  Roach x10  
  157  14:26  Roach x5  
  149  14:32  Ravager x7  
  156  14:40  Unknown x9  
  156  14:49  Unknown  
  156  14:55  Hatchery  
  156  14:59  Unknown x4  
  155  15:01  Roach x3  
  155  15:02  Hatchery  
  155  15:04  Roach x2  
  160  15:12  Roach  
  160  15:13  Roach x3  
  168  15:15  Ravager x2  
  168  15:16  Ravager x2  
Tags
 
Add a new tag
Caveats
  • Supply blocks, unpowered buildings, or Contaminate may cause inaccurate times.
  • Supply counts are checked every 10 seconds.